 Dungeon Sprint DCSS version 0.29.1-2-gbd0b4ee654 (webtiles) character file.

Game seed: 10406253634429683582

1533 boopmooplesden the Carver (level 8, 0/129 HPs)
             Began as a Minotaur Berserker on Nov 23, 2022.
             Was an Elder of Trog.
             Slain by a polar bear (13 damage)
             ... in the Dungeon (Sprint II: "The Violet Keep of Menkaure").
             The game lasted 00:02:03 (880 turns).

boopmooplesden the Carver (Minotaur Berserker)       Turns: 880, Time: 00:02:04

Health: 0/129      AC: 10    Str: 24    XL:     8   Next: 55%
Magic:  7/7        EV: 12    Int:  4    God:    Trog [****..]
Gold:   135        SH:  4    Dex: 10    Spells: 7/7 levels left

rFire   . . .      SeeInvis .   i - +2 long sword (flame)
rCold   . . .      Faith    .   k - +1 buckler {reflect}
rNeg    . . .      Spirit   .   j - +1 scale mail of the Gloaming {rPois Will+}
rPois   +          Reflect  +   (helmet restricted)
rElec   .          Harm     .   (no cloak)
rCorr   .          Rampage  .   l - +0 pair of gloves
Will    +....      NoTele   +   (no boots)
Stlth   ..........              (no amulet)
HPRegen 0.31/turn               (no ring)
MPRegen 0.10/turn               (no ring)

@: berserking (expiring), lethally poisoned (0 -> -2), slowed
A: horns 2, retaliatory headbutt
a: Renounce Religion, Berserk, Trog's Hand, Brothers in Arms


You were in the Dungeon.
You worshipped Trog.
Trog was greatly pleased with you.
You visited 1 branch You collected 742 gold pieces.
You spent 607 gold pieces at shops.

Inventory:

Hand Weapons
 a - a +0 falchion
 i - a +2 long sword of flaming (weapon)
Armour
 j - the +1 scale mail of the Gloaming (worn) {rPois Will+}
   (You bought it in a shop in the Dungeon)

   rPois:     It protects you from poison.
   Will:      It increases your willpower.
 k - a +1 buckler of reflection (worn)
 l - a +0 pair of gloves (worn)
Scrolls
 h - a scroll of blinking
Potions
 c - a potion of curing
 d - a potion of heal wounds
 e - a potion of haste
 f - 2 potions of magic
 g - a potion of berserk rage


   Skills:
 + Level 13.3 Fighting
 + Level 14.7 Long Blades
 + Level 8.0 Armour
 + Level 9.1 Dodging
 + Level 1.1 Stealth
 + Level 0.6 Shields


You had 7 spell levels left.
You didn't know any spells.
Your spell library was empty.

Dungeon Overview and Level Annotations

Branches:
Dungeon (1/1)

Altars:
Cheibriados
Dithmenos
Elyvilon
Fedhas
Gozag
Hepliaklqana
Kikubaaqudgha
Makhleb
Nemelex Xobeh
Okawaru
Qazlal
Ru
Sif Muna
Trog
Uskayaw
Vehumet
Wu Jian
Xom
Yredelemnul
Zin
The Shining One
Jiyva
Lugonu

Shops:
D *!:[??=?[!!(:=*

Annotations:
D exclusion: oklob plant, Roxanne


Innate Abilities, Weirdness & Mutations

You have a pair of horns on your head.
You reflexively headbutt those who attack you in melee.


Message History

The polar bear barely misses you. The yaktaur closely misses you.
You furiously retaliate!
You headbutt the yaktaur! You slice the yaktaur!! You burn the yaktaur!
You kill the yaktaur!
Trog accepts your kill.
You hear a splash. x2
You feel sick.
Your Armour skill increases to level 8!
Your Dodging skill increases to level 9!
Your Stealth skill increases to level 1!
You hit the polar bear. You burn the polar bear.
The polar bear is lightly wounded.
The polar bear bites you! The polar bear misses you. x2
The polar bear bites you. The polar bear barely misses you.
The polar bear claws you but does no damage.
The polar bear closely misses you.
The polar bear claws you but does no damage. x2
You slice the polar bear!! You burn the polar bear.
The polar bear is severely wounded.
You feel sick. The polar bear bites you.
* * * LOW HITPOINT WARNING * * *
The polar bear claws you.
* * * LOW HITPOINT WARNING * * *
The polar bear claws you.
* * * LOW HITPOINT WARNING * * *
The polar bear bites you!
* * * LOW HITPOINT WARNING * * *
The polar bear claws you.
* * * LOW HITPOINT WARNING * * *
The polar bear claws you but does no damage.
You block the polar bear's attack. x2; The polar bear closely misses you.
Unknown command.
You barely miss the polar bear. You headbutt the polar bear!
The polar bear is almost dead.
You feel sick.
The polar bear goes berserk!
The polar bear bites you.
* * * LOW HITPOINT WARNING * * *
The polar bear claws you.
* * * LOW HITPOINT WARNING * * *
The polar bear closely misses you. The polar bear bites you!
You die... . $##.#### .### . .. ...# ...# B#B

##..## #..# .# #+#
.##..# +..# .# ?
#.###..#..# #..# .# )$
.<.'.##+..### ..##.# $[:
#.###..#...§###...##▓▓▓▓
#'###.##...§..~)hh~~~~~~
.).####~~.....~#@#######
.#..#~~~~§~§..~#.h._._._
...##~~~~§~~~.~#_._._._.
#+##~~~§≈≈§~§~~#._._._._
~~~~~~~~≈≈≈≈~~~#_._._._.
+#+++#~§§§≈§≈≈~#._._._..
§~.~ ##≈§§###§≈#_._._...
~~~§.~##≈≈# #≈≈#._._....
~8~..~.+§§# #§≈#.._.....


You could see 3 polar bears.

Vanquished Creatures
  A merfolk siren (D)
  A yaktaur (D)
  A hornet (D)
  2 wyverns (D)
  A vampire mosquito (D)
  Menkaure (D)
  4 scorpions (D)
11 creatures vanquished.

Vanquished Creatures (others)
  A water moccasin (D)
1 creature vanquished.

Grand Total: 12 creatures vanquished

Notes
Turn   | Place    | Note
-------+----------+-------------------------------------------
     0 | D        | boopmooplesden the Minotaur Berserker began the quest for
                  | the Orb.
     0 | D        | Reached XP level 1. HP: 19/19 MP: 0/0
     1 | D        | Noticed a boulder beetle
     1 | D        | Noticed a boulder beetle
     4 | D        | Noticed a scorpion
     4 | D        | Noticed a scorpion
     9 | D        | Killed a scorpion
    10 | D        | Reached skill level 6 in Long Blades
    10 | D        | Reached XP level 2. HP: 31/31 MP: 1/1
    10 | D        | Reached XP level 3. HP: 38/38 MP: 2/2
    14 | D        | Killed a scorpion
    15 | D        | Reached skill level 8 in Long Blades
    15 | D        | Reached XP level 4. HP: 47/47 MP: 3/3
    16 | D        | Noticed a scorpion
    16 | D        | Noticed a scorpion
    22 | D        | Killed a scorpion
    22 | D        | Reached ** piety under Trog
    23 | D        | Reached skill level 9 in Long Blades
    23 | D        | Reached XP level 5. HP: 45/56 MP: 4/4
    26 | D        | Reached skill level 5 in Armour
    26 | D        | Reached skill level 5 in Dodging
   105 | D        | Noticed a wyvern
   105 | D        | Noticed a wyvern
   114 | D        | Killed a wyvern
   115 | D        | Reached skill level 10 in Fighting
   115 | D        | Reached skill level 11 in Long Blades
   115 | D        | Reached XP level 6. HP: 13/67 MP: 5/5
   120 | D        | Killed a wyvern
   121 | D        | Reached skill level 12 in Long Blades
   121 | D        | Reached XP level 7. HP: 8/74 MP: 6/6
   530 | D        | Noticed a merfolk siren
   546 | D        | Killed a merfolk siren
   546 | D        | Reached *** piety under Trog
   547 | D        | Reached skill level 13 in Long Blades
   592 | D        | Found Siupluit's Book Shoppe.
   592 | D        | Found Xuovelle's Jewellery Shoppe.
   592 | D        | Found Tack's Distillery.
   592 | D        | Found Obruor's Antique Weapon Emporium.
   592 | D        | Found Ruukaiqo's Distillery.
   593 | D        | Found Heheeboh's Antique Armour Shoppe.
   593 | D        | Found Qacri's Magic Scroll Emporium.
   594 | D        | Found Biwnuinn's Jewellery Shoppe.
   594 | D        | Found Beti's General Store.
   594 | D        | Found Perautte's Magic Scroll Emporium.
   594 | D        | Noticed Menkaure
   594 | D        | Noticed a polar bear
   610 | D        | Killed Menkaure
   612 | D        | Found Huqane's Magic Scroll Shoppe.
   612 | D        | Found Awex's Antique Armour Emporium.
   612 | D        | Noticed an oklob plant
   612 | D        | Noticed a manticore
   613 | D        | Found Cododghent's Distillery.
   613 | D        | Found Xoguv's General Store.
   613 | D        | Found Kiac's Book Shoppe.
   614 | D        | Noticed a manticore
   614 | D        | Noticed a polar bear
   617 | D        | Bought a glowing long sword for 104 gold pieces
   618 | D        | Noticed a manticore
   624 | D        | Bought a smelly scale mail for 252 gold pieces
   624 | D        | Identified the +1 scale mail of the Gloaming {rPois Will+}
                  | (You bought it in a shop in the Dungeon)
   636 | D        | Bought a shiny buckler for 157 gold pieces
   636 | D        | Bought a pair of gloves for 94 gold pieces
   664 | D        | Noticed a vampire mosquito
   680 | D        | Killed a vampire mosquito
   680 | D        | Reached **** piety under Trog
   681 | D        | Reached XP level 8. HP: 61/85 MP: 7/7
   690 | D        | Noticed Roxanne
   699 | D        | Found a glowing golden altar of the Shining One.
   699 | D        | Found an ornate altar of the Wu Jian Council.
   699 | D        | Found a stormy altar of Qazlal.
   858 | D        | Found a shimmering altar of Xom.
   858 | D        | Found a sacrificial altar of Ru.
   859 | D        | Found a basalt altar of Yredelemnul.
   859 | D        | Found a shimmering blue altar of Sif Muna.
   860 | D        | Found a glowing silver altar of Zin.
   860 | D        | Found a bloodstained altar of Trog.
   860 | D        | Found an ancient bone altar of Kikubaaqudgha.
   860 | D        | Found a viscous altar of Jiyva.
   861 | D        | Found a hide-covered altar of Uskayaw.
   861 | D        | Found a corrupted altar of Lugonu.
   861 | D        | Found a shadowy altar of Dithmenos.
   862 | D        | Found a radiant altar of Vehumet.
   862 | D        | Found a burning altar of Makhleb.
   862 | D        | Found a white marble altar of Elyvilon.
   863 | D        | Found a sparkling altar of Nemelex Xobeh.
   863 | D        | Found a blossoming altar of Fedhas.
   865 | D        | Found an iron altar of Okawaru.
   865 | D        | Found an opulent altar of Gozag.
   865 | D        | Found a hazy altar of Hepliaklqana.
   865 | D        | Found a snail-covered altar of Cheibriados.
   865 | D        | Noticed a hornet
   865 | D        | Noticed a polar bear
   865 | D        | Noticed a polar bear
   866 | D        | Noticed a yaktaur
   868 | D        | Noticed a polar bear
   875 | D        | Killed a hornet
   876 | D        | Reached skill level 14 in Long Blades
   877 | D        | Killed a yaktaur
   878 | D        | Reached skill level 1 in Stealth
   880 | D        | Slain by a polar bear

Illustrated notes

Levels and vault maps discovered:
D:        the_violet_keep_of_menkaure [sprint2_stairs_cluster_1,
          sprint2_shoproom, sprint2_temple, sprint2_basic_supplies,
          sprint2_obstacle_6, sprint2_obstacle_5, sprint2_obstacle_3,
          sprint2_obstacle_4, sprint2_obstacle_1, sprint2_timed_cluster_1,
          sprint2_smallroom_cluster_1, sprint2_smallroom_final_cluster_1,
          sprint2_transparent_cluster_1, sprint2_second_timed_cluster_1,
          sprint2_sniper_area_1, sprint2_heavy_combat_area_1,
          sprint2_mutation_trap_area_1, sprint2_forest_area_1,
          sprint2_light_combat_area_1, sprint2_behind_water_1,
          sprint2_near_end_vault_1]

Skill      XL: |  1  2  3  4  5  6  7  8 |
---------------+-------------------------+-----
Fighting       | 6 7 8 10 11 12 13 | 13.3
Long Blades    | 6 8 9 11 12 13 14 | 14.7
Armour         | 3 4 5 6 7 8 |  8.0
Dodging        | 3 4 6 8 9 |  9.1
Stealth        | 1 |  1.1
Shields        | |  0.6

Action                   |  1- 3 |  4- 6 |  7- 9 || total
-------------------------+-------+-------+-------++-------
Melee: Falchion          |     9 |    19 |    20 ||    48
       Headbutt          |       |     7 |     6 ||    13
       Long sword        |       |       |    27 ||    27
       Punch             |       |       |     1 ||     1
Invok: Berserk           |     1 |     1 |     1 ||     3
Armor: Animal skin       |     1 |     1 |       ||     2
       Scale mail        |       |       |    19 ||    19
Dodge: Dodged            |     3 |    24 |    34 ||    61
Block: Buckler           |       |       |    11 ||    11
